 Dungeon Crawl Stone Soup version 0.25-a0-317-g5f8687bca5 (webtiles) character file.

Game seed: 186627877059226997, levelgen mode: classic

36998 Borgoz the Basher (level 13, -5/84 HPs)
             Began as a Gargoyle Fighter on Dec 25, 2019.
             Was a Priest of Ashenzari.
             Slain by an ettin
             ... wielding a +0 great mace
              (12 damage)
             ... on level 14 of the Dungeon.
             The game lasted 00:24:47 (13116 turns).

Borgoz the Basher (Gargoyle Fighter)               Turns: 13116, Time: 00:24:48

Health: -5/84      AC: 43    Str: 20    XL:     13   Next: 93%
Magic:  0/19       EV: 12    Int: 10    God:    Ashenzari [***...]
Gold:   713        SH: 10    Dex: 13    Spells: 8/12 levels left

rFire    . . .     SeeInvis +   a - +6 flail (protect)
rCold    . . .     Gourm    .   c - +0 shield
rNeg     + . .     Faith    .   J - +7 scale mail of Sathorus {rElec}
rPois    ∞         Spirit   +   P - +2 helmet
rElec    +         Reflect  .   L - scarf {Spirit}
rCorr    .         Harm     .   F - +0 pair of gloves
MR       .....                  o - +2 pair of boots
Stlth    ..........             e - amulet of rage
HPRegen  0.24/turn              h - +2 ring of protection
MPRegen  0.16/turn              (no ring)

@: protection aura
A: negative energy resistance 1, electricity resistance, unbreathing,
petrification resistance, rot immunity, AC +9
a: Curse Item, Scrying, Renounce Religion, Evoke Berserk Rage


You were on level 14 of the Dungeon.
You worshipped Ashenzari.
Ashenzari was most pleased with you.
You were not hungry.

You visited 2 branches of the dungeon, and saw 15 of its levels.
You also visited: Sewer.

You collected 713 gold pieces.

Inventory:

Hand Weapons
 a - a +6 flail of protection (weapon)
 g - a +0 morningstar
Armour
 c - a +0 shield (worn)
 o - a +2 pair of boots (worn)
 A - the +1 cloak of Starlight {rElec rC+ EV+4 Stlth--}
   (You found it on level 5 of the Dungeon)

   It affects your evasion (+4).
   It protects you from cold.
   It insulates you from electricity.
   It makes you much less stealthy.
 F - a +0 pair of gloves (worn)
 J - the +7 scale mail of Sathorus (worn) {rElec}
   (You found it on level 8 of the Dungeon)

   It insulates you from electricity.
 L - a scarf of spirit shield (worn)
 P - a +2 helmet (worn)
Jewellery
 e - an amulet of rage (around neck)
 h - a +2 ring of protection (left hand)
 l - an uncursed ring of ice
 H - an uncursed ring of positive energy
Wands
 q - a wand of paralysis (14)
 s - a wand of acid (11)
 x - a wand of flame (36)
 K - a wand of polymorph (6)
 M - a wand of disintegration (7)
 N - a wand of digging (8)
 O - a wand of iceblast (6)
 R - a wand of random effects (16)
Scrolls
 b - a scroll of enchant armour
 m - 2 scrolls of random uselessness {unknown}
 n - 4 scrolls of enchant weapon {unknown}
 u - 3 scrolls of amnesia {unknown}
 y - 4 scrolls of fog {unknown}
 B - 2 scrolls of teleportation
 C - a scroll of fear {unknown}
 E - a scroll of magic mapping
 G - 4 scrolls of remove curse
 I - 2 scrolls of noise {unknown}
Potions
 d - 3 potions of might
 i - 3 potions of invisibility
 j - a potion of magic
 k - 3 potions of agility
 p - 6 potions of curing
 r - a potion of berserk rage
 t - a potion of mutation
 v - 3 potions of haste
 w - 2 potions of brilliance
 z - 3 potions of flight
 D - a potion of ambrosia {unknown}
Comestibles
 f - 20 rations
 Q - 12 chunks of flesh


   Skills:
 + Level 10.9 Fighting
 * Level 13.3 Maces & Flails
 + Level 11.0 Armour
 + Level 8.1 Dodging
 - Level 5.2 Shields
 + Level 8.8 Evocations


You had 8 spell levels left.
You knew the following spells:

 Your Spells              Type           Power        Failure   Level  Hunger
a - Confusing Touch       Hex            #.....       97%         1    ##.....
b - Confuse               Hex            #.......     100%        3    ####...

Your spell library contained the following spells:

 Spells                   Type           Power        Failure   Level  Hunger
 Foxfire                  Conj/Fire      #...         97%         1    ##.....
 Sting                    Tmut/Pois      #...         97%         1    ##.....
 Poisonous Vapours        Pois/Air       #.....       99%         2    ###....
 Conjure Flame            Conj/Fire      #.......     100%        3    ####...
 Gell's Gravitas          Tloc           #.........   100%        3    ####...
 Ignite Poison            Fire/Tmut/Pois #.......     100%        3    ####...
 Inner Flame              Hex/Fire       #.......     100%        3    ####...
 Mephitic Cloud           Conj/Pois/Air  #.......     100%        3    ####...
 Olgreb's Toxic Radiance  Pois           #.......     100%        4    #####..
 Petrify                  Tmut/Erth      #.......     100%        4    #####..
 Sticky Flame             Conj/Fire      #.......     100%        4    #####..
 Fireball                 Conj/Fire      #.........   100%        5    ######.
 Metabolic Englaciation   Hex/Ice        #.........   100%        5    ######.
 Yara's Violent Unravell  Hex/Tmut       #.........   100%        5    ######.


Dungeon Overview and Level Annotations

Branches:
Dungeon (14/15)            Temple (1/1) D:5            Lair (0/6) D:9
    Orc (0/2) D:9           Sewer (visited)
 Vaults: D:13-14

Altars:
Ashenzari
Cheibriados
Dithmenos
Elyvilon
Fedhas
Gozag
Hepliaklqana
Kikubaaqudgha
Makhleb
Nemelex Xobeh
Okawaru
Qazlal
Ru
Sif Muna
Trog
Uskayaw
Vehumet
Wu Jian
Xom
Yredelemnul
Zin
The Shining One
Lugonu

Shops:
D:11 [   D:12 *


Innate Abilities, Weirdness & Mutations

You are resistant to torment.
Your stone body is resilient. (AC +9)
You are immune to poison.
You resist negative energy. (rN+)
You are resistant to electric shocks. (rElec)
You can survive without breathing.
You are immune to petrification.
You are immune to rotting.


Message History

You are too injured to fight recklessly!
You are too injured to fight recklessly!
You are too injured to fight recklessly!
You are too injured to fight recklessly!
You are too injured to fight recklessly!
You are too injured to fight recklessly!
You are too injured to fight recklessly!
You hit the ettin.
The ettin is moderately wounded.
You fail to use your ability.
You block the ettin's attack. x2
You thump the ettin!
The ettin is heavily wounded.
The ettin hits you with a +0 great mace!
The ettin hits you but does no damage.
You hit the ettin but do no damage.
The ettin is heavily wounded.
The ettin hits you with a +0 great mace!!
* * * LOW HITPOINT WARNING * * *
The ettin hits you with a +0 dire flail!
You die...

* , #### * ##... ,,
* #...#####.
#)#....... , ,
#.@C...... *
#?#####... * #.#,
..##.# #.#, #.##.#
#.# ,*{ #.##'## #.#
{* ,*,#^#...##
#.#{, * ∆#......#
#.# { {,{{ #.......
#.##########.......


You could see an ettin.

Vanquished Creatures
  Rupert (D:13)
  Frances (D:12)
  The ghost of Borgoz the Cleaver, a journeyman GrBe of Trog (D:13)
  A centaur warrior (D:14)
  2 hydras (D:12)
  Erica (D:11)
  5 two-headed ogres
  Sonja (D:10)
  5 skeletal warriors (D:11)
  7 ugly things
  2 manticores
  Pikel (D:4)
  4 cyclopes
  3 slime creatures (D:14)
  An elephant (D:9)
  An elephant (shapeshifter) (D:14)
  A gargoyle (D:10)
  A yaktaur (D:13)
  4 trolls
  2 hornets
  5 hippogriffs
  3 wraiths
  2 shadows
  4 hogs (D:8)
  3 wyverns
  22 yaks
  3 basilisks
  A human (D:8)
  A steam dragon (D:8)
  Edmund (D:4)
  Duvessa (D:4)
  A soldier ant (D:12)
  5 orc warriors
  A water moccasin (D:5)
  4 sky beasts
  A black bear (D:6)
  4 slaves (D:4)
  A necrophage (D:10)
  A phantom (D:11)
  3 ice beasts
  9 ogres
  14 centaurs
  3 big kobolds (D:13)
  4 crocodiles
  8 bullfrogs
  A wyvern zombie (D:12)
  Dowan (D:4)
  13 killer bees
  3 scorpions
  5 wights (D:7)
  5 howler monkeys
  2 bullfrog zombies
  9 crimson imps
  A centaur zombie (D:12)
  5 jellies
  18 orc wizards
  2 quasits (D:9)
  4 bullfrog skeletons
  6 hounds
  9 orc priests
  Jessica (D:3)
  2 centaur skeletons
  4 iguanas
  8 worker ants
  A hound skeleton (D:11)
  Robin (D:4)
  A worker ant zombie (D:5)
  4 gnolls (D:7)
  16 adders
  4 shadow imps
  An ooze (D:2)
  2 adder skeletons
  3 worms
  9 leopard geckos
  44 orcs
  4 bats
  3 giant cockroaches
  9 goblins
  9 hobgoblins
  12 jackals
  13 kobolds
  8 quokkas
  5 frilled lizards
  A leopard gecko skeleton (D:7)
  2 quokka skeletons
  5 rats
406 creatures vanquished.

Vanquished Creatures (others)
  An orc wizard (D:3)
  A bush (D:14)
  2 withered plants (D:13)
4 creatures vanquished.

Grand Total: 410 creatures vanquished

Notes
Turn   | Place    | Note
-------+----------+-------------------------------------------
     0 | D:1      | Borgoz the Gargoyle Fighter began the quest for the Orb.
     0 | D:1      | Reached XP level 1. HP: 14/14 MP: 1/1
   362 | D:1      | Reached XP level 2. HP: 19/19 MP: 2/2
   731 | D:2      | Noticed an ogre
   736 | D:2      | Killed an ogre
   736 | D:2      | Reached skill level 3 in Maces & Flails
   736 | D:2      | Reached skill level 1 in Dodging
   736 | D:2      | Reached skill level 1 in Evocations
   736 | D:2      | Reached XP level 3. HP: 18/24 MP: 3/3
   736 | D:2      | Reached XP level 4. HP: 22/29 MP: 4/4
  1195 | D:2      | Reached XP level 5. HP: 33/33 MP: 5/5
  1449 | D:2      | Found a sparkling altar of Nemelex Xobeh.
  1762 | D:3      | Found a glowing drain.
  1804 | Sewer    | Entered a sewer
  1859 | Sewer    | Noticed a crocodile
  1871 | Sewer    | Killed a crocodile
  1871 | Sewer    | Reached XP level 6. HP: 29/38 MP: 7/7
  2152 | D:3      | Found a burning altar of Makhleb.
  2190 | D:3      | Noticed Jessica
  2196 | D:3      | Killed Jessica
  2595 | D:3      | Reached skill level 4 in Maces & Flails
  2843 | D:4      | Reached XP level 7. HP: 36/44 MP: 8/8
  2939 | D:4      | Noticed Duvessa
  2942 | D:4      | Noticed Dowan
  2953 | D:4      | Killed Duvessa
  2971 | D:4      | Killed Dowan
  3050 | D:4      | Noticed Robin
  3057 | D:4      | Killed Robin
  3169 | D:4      | Noticed Pikel
  3239 | D:4      | Killed Pikel
  3239 | D:4      | Reached skill level 5 in Fighting
  3239 | D:4      | Reached skill level 5 in Maces & Flails
  3239 | D:4      | Reached skill level 5 in Armour
  3239 | D:4      | Reached skill level 5 in Shields
  3239 | D:4      | Reached XP level 8. HP: 9/49 MP: 8/10
  3625 | D:4      | Found a white marble altar of Elyvilon.
  3630 | D:4      | Noticed Edmund
  3643 | D:4      | Killed Edmund
  3681 | D:4      | Found a snail-covered altar of Cheibriados.
  3953 | D:5      | Entered Level 5 of the Dungeon
  3983 | D:5      | Found a staircase to the Ecumenical Temple.
  4112 | D:5      | Reached skill level 6 in Maces & Flails
  4272 | D:5      | Found a shattered altar of Ashenzari.
  4348 | D:5      | Became a worshipper of Ashenzari the Shackled
  4496 | D:5      | Found the +1 cloak of Starlight {rElec rC+ EV+4 Stlth--}
  4542 | D:5      | Reached XP level 9. HP: 55/55 MP: 11/11
  4678 | Temple   | Entered the Ecumenical Temple
  5056 | D:6      | Reached skill level 7 in Maces & Flails
  5339 | D:7      | Found a shadowy altar of Dithmenos.
  5683 | D:7      | Reached XP level 10. HP: 61/61 MP: 13/13
  5688 | D:7      | Reached skill level 8 in Maces & Flails
  5787 | D:7      | Found a hide-covered altar of Uskayaw.
  5787 | D:7      | Found a basalt altar of Yredelemnul.
  5818 | D:7      | Reached * piety under Ashenzari
  6056 | D:7      | Found a sacrificial altar of Ru.
  6234 | D:8      | Reached skill level 5 in Evocations
  6351 | D:8      | Found an ornate altar of the Wu Jian Council.
  6418 | D:8      | Found an opulent altar of Gozag.
  6419 | D:8      | Noticed a two-headed ogre
  6427 | D:8      | Killed a two-headed ogre
  6633 | D:8      | Got the uncursed scale mail of Sathorus {rElec}
  6644 | D:8      | Identified the +7 scale mail of Sathorus {rElec} (You found
                  | it on level 8 of the Dungeon)
  6906 | D:8      | Reached skill level 5 in Dodging
  6911 | D:8      | Reached skill level 9 in Maces & Flails
  7089 | D:9      | Found a staircase to the Orcish Mines.
  7109 | D:9      | Found a shattered altar of Ashenzari.
  7144 | D:9      | Reached XP level 11. HP: 52/68 MP: 15/15
  7346 | D:9      | Noticed a two-headed ogre
  7350 | D:9      | Killed a two-headed ogre
  7351 | D:9      | Found a hazy altar of Hepliaklqana.
  7400 | D:9      | Learned a level 1 spell: Confusing Touch
  7404 | D:9      | Learned a level 3 spell: Confuse
  7429 | D:9      | Found an iron altar of Okawaru.
  7494 | D:9      | Found a staircase to the Lair.
  7527 | D:9      | Reached skill level 10 in Maces & Flails
  7995 | D:10     | Entered Level 10 of the Dungeon
  8051 | D:10     | Noticed Sonja
  8070 | D:10     | Killed Sonja
  8437 | D:10     | Reached ** piety under Ashenzari
  8471 | D:10     | Noticed a two-headed ogre
  8487 | D:10     | Killed a two-headed ogre
  9268 | D:11     | Found Ceco's Armour Shoppe.
  9299 | D:11     | Noticed a manticore
  9320 | D:11     | Killed a manticore
  9363 | D:11     | Noticed Erica
  9375 | D:11     | Killed Erica
  9375 | D:11     | Reached skill level 11 in Maces & Flails
  9375 | D:11     | Reached XP level 12. HP: 52/76 MP: 17/17
  9802 | D:11     | Noticed a two-headed ogre
  9813 | D:11     | Killed a two-headed ogre
 10522 | D:12     | Found Zafufanosch's General Store.
 10543 | D:12     | Noticed a six-headed hydra
 10556 | D:12     | Killed a six-headed hydra
 10557 | D:12     | Reached skill level 10 in Armour
 10564 | D:12     | Reached skill level 12 in Maces & Flails
 10593 | D:12     | Paralysed by a centaur for 3 turns
 10940 | D:12     | Noticed Frances
 10940 | D:12     | Noticed a five-headed hydra
 10947 | D:12     | Noticed a sun demon
 10947 | D:12     | Killed a five-headed hydra
 10947 | D:12     | Reached skill level 10 in Fighting
 10947 | D:12     | Reached XP level 13. HP: 75/82 MP: 16/18
 10960 | D:12     | Killed Frances
 11015 | D:12     | Reached *** piety under Ashenzari
 11381 | D:13     | Noticed Rupert
 11388 | D:13     | Paralysed by Rupert for 4 turns
 11420 | D:13     | Killed Rupert
 11557 | D:13     | Found a runed translucent door.
 11557 | D:13     | Noticed Borgoz's ghost (journeyman GrBe)
 12428 | D:13     | Killed Borgoz's ghost
 12428 | D:13     | Reached skill level 13 in Maces & Flails
 13101 | D:14     | Noticed an ettin
 13116 | D:14     | Slain by an ettin

Levels and vault maps discovered:
D:1:      evilmike_arrival_fibonacci_small, layout_basic, serial_bayou_pond_c,
          wander_ebering_terrifying_dragon_lair
D:2:      minmay_general_purpose_star, layout_basic, nemelex_altar_shiori,
          minmay_stone_trees_small
D:3:      layout_loops_ring, portal_sewer_entry_d, makhleb_heckhound_becter,
          uniq_jessica
D:4:      layout_rooms, cheibriados_altar_1, lemuel_crystal_altar, first_ration,
          st_stairs_11, uniq_edmund, uniq_pikel, uniq_duvessa, uniq_robin
D:5:      layout_loops_ring, kennysheep_mini, minmay_temple_entry_crystal_x
D:6:      layout_rooms
D:7:      layout_loops_ring, nicolae_ru_path_of_blood, kennysheep_little_box,
          chequers_temple_overflow_statue_of_worship
D:8:      layout_basic, overflow_temple_1_default, nicolae_gozag_seed_capital,
          grunt_livestock, minmay_bent
D:9:      layout_long_grid, lemuel_round_altar, okawaru_ov_weapons_minmay,
          david_lair_generic, orc_0_dummy, evilmike_ruin_ashenzari
D:10:     layout_layer_cave, uniq_sonja
D:11:     layout_roguey, serial_shops, kennysheep_mini_moat, uniq_erica
D:12:     layout_irregular_city, serial_shops, shop, uniq_frances
D:13:     layout_basic, gammafunk_ghost_grave, minmay_unpleasant_kobolds,
          uniq_rupert
D:14:     layout_loops_corners, david_vaults_4, serial_park_square1
          [serial_park_minivault_5x5_7]
Temple:   corrupted_temple

Skill      XL: |  1  2  3  4  5  6  7  8  9 10 11 12 13 |
---------------+----------------------------------------+-----
Maces & Flails | 3 4 5 6 7 9 11 12 13 | 13.3
Dodging        | 1 2 3 4 5 6 7 8 |  8.1
Evocations     | 1 2 3 4 5 6 7 8 |  8.8
Fighting       | 4 5 6 7 9 10 | 10.9
Armour         | 4 5 6 7 9 10 11 | 11.0
Shields        | 4 5 |  5.2

Action                   |  1- 3 |  4- 6 |  7- 9 | 10-12 | 13-15 || total
-------------------------+-------+-------+-------+-------+-------++-------
Melee: Flail             |    29 |     4 |   267 |   891 |   405 ||  1596
       Morningstar       |       |   296 |   180 |       |       ||   476
 Abil: Evoke Berserk Rag |     1 |     2 |     4 |     5 |     2 ||    14
Evoke: Wand              |       |       |       |     3 |     3 ||     6
  Use: Scroll            |     2 |     4 |     9 |     3 |       ||    18
       Potion            |       |     1 |     1 |     2 |       ||     4
 Stab: Paralysed         |       |       |       |       |     8 ||     8
  Eat: Chunk             |       |    10 |     9 |    21 |     6 ||    46
       Ration            |       |       |     1 |     1 |     1 ||     3
Armor: Scale mail        |    15 |   215 |   262 |   489 |   178 ||  1159
Dodge: Dodged            |    14 |   145 |   225 |   490 |   142 ||  1016
Block: Shield            |    19 |   164 |   306 |   499 |   168 ||  1156

Table legend:
 A = Non-vault XP
 B = Vault XP
 C = Vault XP percentage of total XP
 D = Non-vault monster count
 E = Vault monster count
 F = Vault count percentage of total count
                 A         B        C        D         E       F
            +---------+---------+-------+---------+---------+-------
      Total |   40193 |   12662 |  24.0 |     346 |      56 |  13.9
            +---------+---------+-------+---------+---------+-------
        D:1 |       9 |       3 |  25.0 |       6 |       1 |  14.3
        D:2 |      75 |     123 |  62.1 |      17 |       4 |  19.0
        D:3 |     198 |      92 |  31.7 |      28 |       3 |   9.7
        D:4 |     197 |    1047 |  84.2 |      14 |      16 |  53.3
        D:5 |     627 |       0 |   0.0 |      11 |       0 |   0.0
        D:6 |     963 |       0 |   0.0 |      20 |       0 |   0.0
        D:7 |    1856 |       0 |   0.0 |      44 |       0 |   0.0
        D:8 |    1783 |    1169 |  39.6 |      19 |      10 |  34.5
        D:9 |    2902 |    1037 |  26.3 |      22 |       4 |  15.4
       D:10 |    4308 |     814 |  15.9 |      32 |       1 |   3.0
       D:11 |    8336 |     912 |   9.9 |      56 |       1 |   1.8
       D:12 |    7281 |    2459 |  25.2 |      30 |       1 |   3.2
       D:13 |    4530 |    4451 |  49.6 |      22 |       8 |  26.7
       D:14 |    7128 |     445 |   5.9 |      25 |       1 |   3.8
      Sewer |       0 |     110 | 100.0 |       0 |       6 | 100.0
            +---------+---------+-------+---------+---------+-------
